 Dungeon Crawl Stone Soup version 0.28-a0-422-gd71735cc25 (webtiles) character file.

Game seed: 14496109243925870452

4260 robertstho the Thaumaturge (level 10, -7/69 HPs)
             Began as a Djinni Fire Elementalist on Sept 8, 2021.
             Was an Initiate of Gozag.
             Mangled by a boulder beetle (49 damage)
             ... on level 9 of the Dungeon.
             The game lasted 00:18:07 (12799 turns).

robertstho the Thaumaturge (DjFE)                  Turns: 12799, Time: 00:18:07

Health: -7/69      AC: 11    Str:  7    XL:     10   Next: 56%
Gold:   883        EV: 14    Int: 20    God:    Gozag SH:  5 Dex: 23

rFire   + + .      SeeInvis .   q - +1 hand axe (elec)
rCold   x . .      Faith    .   (no shield)
rNeg    + . .      Spirit   .   L - +0 robe {rN+}
rPois   ∞          Reflect  +   A - +1 helmet
rElec   .          Harm     .   t - +0 cloak
rCorr   .          Rampage  .   u - +1 pair of gloves {Dex+3}
Will    +....                   (boots unavailable)
Stlth   +++.......              I - amulet of reflection
HPRegen 0.21/turn               K - +4 ring of protection
MPRegen 0.00/turn               J - +6 ring of dexterity

@: gold aura, flying
A: sickness immunity, fire resistance 2, cold vulnerability 1, float, innate
caster, hp casting, extra vitality 1
a: Renounce Religion, Potion Petition, Call Merchant, Bribe Branch


You were on level 9 of the Dungeon.
You worshipped Gozag.
Gozag was pleased with you.
You visited 1 branch of the dungeon, and saw 9 of its levels.
You also visited: Ossuary.

You collected 1008 gold pieces.
You paid 125 gold pieces to Gozag.

Inventory:

Hand Weapons
 d - a +0 dagger
 f - a +3 dagger
 g - a +1 vampiric short sword
 q - a +1 hand axe of electrocution (weapon)
Armour
 t - a +0 cloak (worn)
 u - a +1 pair of gloves of dexterity (worn)
 A - a +1 helmet (worn)
 L - a +0 robe of positive energy (worn)
Jewellery
 b - a ring of protection from cold
 i - a ring of willpower
 l - a ring of resist corrosion
 r - an amulet of the acrobat
 C - a ring of fire
 D - a ring of see invisible
 H - an amulet of regeneration
 I - an amulet of reflection (around neck)
 J - a +6 ring of dexterity (right hand)
 K - a +4 ring of protection (left hand)
Wands
 w - a wand of polymorph (9)
 x - a wand of charming (9)
 B - a wand of iceblast (17)
Scrolls
 e - 8 scrolls of fog
 j - a scroll of torment
 m - 4 scrolls of teleportation
 s - 2 scrolls of blinking
 v - a scroll of brand weapon
 y - 4 scrolls of enchant weapon
 F - a scroll of enchant armour
 M - 4 scrolls of identify
 N - a scroll of summoning {unknown}
Potions
 a - a potion of haste {unknown}
 c - a potion of resistance
 h - 5 potions of brilliance
 k - 4 potions of might
 n - 6 potions of curing
 o - 6 potions of heal wounds
 p - 5 potions of attraction {unknown}
 z - a potion of flight {unknown}
 E - 3 potions of mutation {unknown}
 G - a potion of invisibility


   Skills:
 * Level 4.6 Fighting
 + Level 0.9 Axes
 + Level 3.4 Dodging
 + Level 3.1 Stealth
 * Level 10.4 Spellcasting
 + Level 0.6 Evocations


You had 7 spell levels left.
You knew the following spells:

 Your Spells              Type           Power      Damage    Failure   Level
a - Foxfire               Conj/Fire      100%       2x1d9     1%          1
b - Scorch                Fire           100%       2d10      1%          2
c - Conjure Flame         Conj/Fire      51%        6-21      1%          3
d - Inner Flame           Hex/Fire       51%        N/A       1%          3
e - Flame Wave            Conj/Fire      51%        3d10      1%          4
f - Magic Dart            Conj           100%       1d8       1%          1
g - Ensorcelled Hibernat  Hex/Ice        100%       N/A       1%          2
h - Blink                 Tloc           N/A        N/A       1%          2
i - Sticky Flame          Conj/Fire      51%        2d7       1%          4
Your spell library was empty.

Dungeon Overview and Level Annotations

Branches:
Dungeon (9/15)             Temple (0/1) D:5         Ossuary (visited)
   Lair: D:8-11         Orc: D:9-12

Altars:
Ashenzari
Fedhas
Gozag
Sif Muna
Vehumet
Xom
Zin

Annotations:
D:8 3 runed translucent doors, heikuro's ghost, novice FoAK


Innate Abilities, Weirdness & Mutations

You are immune to sickness and miasma.
You are immune to poison.
Your flesh is very heat resistant. (rF++)
You are vulnerable to cold. (rC-)
You float through the air rather than walking.
You learn spells naturally, not from books.
Your magical power is your life essence.
You have superior vitality. (+4 HP)


Message History

Press: ? - help, Q - select action, (/) - cycle Dir - look around, f - activate You conjure some foxfire!
The foxfire hits the orc priest but does no damage.
The orc priest is almost dead.
Unknown command.
Blink to where?
Press: ? - help, Dir - move target 3 orcs come into view.
As you read the scroll of blinking, it crumbles to dust.
The orc shouts! x2
The foxfire hits the orc priest but does no damage.
The orc priest is almost dead.
You block the orc's attack. The orc closely misses you.
Casting: Foxfire (safe; 1% risk of failure)
Confirm with . or Enter, or press ? or * to list all spells.
Casting: Flame Wave (dangerous; 1% risk of failure)
Press: ? - help, Dir - look around, f - activate A wave of flame ripples out!
The flame wave engulfs the orc!
You kill the orc! (Press . to intensify the flame waves.)
The orc throws a stone.
The stone misses you.
Unknown command.
A wave of flame ripples out!
The flame wave engulfs the orc!!
You kill the orc!
The flame wave engulfs the orc priest!!
You kill the orc priest!
The flame wave engulfs the orc!
You kill the orc!
You hear a shout!
A wave of flame ripples out!
You finish channelling waves of flame.
Casting: Flame Wave (dangerous; 1% risk of failure)
Confirm with . or Enter, or press ? or * to list all spells.
Casting: Flame Wave (dangerous; 1% risk of failure)
Press: ? - help, Dir - look around, f - activate A wave of flame ripples out! (Press . to intensify the flame waves.)
The boulder beetle hits you!!!
Ouch! That really hurt!
You die...
Your body crumbles into a pile of gold.

#.......#####
#.......#...# #.......#
#.......#...# #.......#
#.......#...# #.......#
#.......#...# #
#.......#
#.......#'###.####
+.......#
#...°°.○$$.B°.....
###.......#
#..○#######+##..o.
..........# #@B.# o.
..........###+##$$.#
................$..#
...................#
...................≈≈≈≈
...................#....
.......#######.....#####
######## #....... ......
#........


You could see a boulder beetle (rolling).

Vanquished Creatures
  Grinder (D:3)
  Sigmund (D:7)
  A wyvern (D:8)
  Edmund (D:7)
  A water moccasin (D:6)
  3 orc warriors
  A hornet zombie (D:7)
  A necrophage (D:5)
  2 ice beasts
  2 ogres (D:6)
  A centaur (D:8)
  2 kobold brigands
  An elf zombie (Ossuary)
  2 bullfrogs
  4 scorpions
  A wyvern skeleton (D:7)
  A water moccasin zombie (D:6)
  5 killer bees (D:8)
  7 wights
  3 howler monkeys
  A centaur skeleton (D:7)
  3 centaur zombies
  3 jellies
  4 orc priests
  2 human zombies (Ossuary)
  2 hounds
  3 bullfrog skeletons
  2 gnoll shamans (D:7)
  7 iguanas
  4 orc wizards
  A killer bee zombie (D:8)
  A hound skeleton (D:4)
  3 mummies
  5 gnolls (D:7)
  7 adders
  8 river rats (D:5)
  2 white imps
  3 ufetubi
  3 adder zombies
  An adder skeleton (D:4)
  5 worms
  3 dart slugs
  25 orcs
  8 ball pythons
  8 bats
  12 endoplasms
  5 giant cockroaches (D:1)
  10 goblins
  12 hobgoblins
  9 quokkas
  8 frilled lizards
  5 hobgoblin zombies
  3 jackal zombies (Ossuary)
  17 kobolds
  14 kobold zombies
  9 orc zombies (Ossuary)
  23 rats
  A rat zombie (Ossuary)
283 creatures vanquished.

Vanquished Creatures (others)
  1025 foxfires
  2 plants (D:7)
1027 creatures vanquished.

Grand Total: 1310 creatures vanquished

Notes
Turn   | Place    | Note
-------+----------+-------------------------------------------
     0 | D:1      | robertstho the Djinni Fire Elementalist began the quest for
                  | the Orb.
     0 | D:1      | Reached XP level 1. HP: 15/15 MP: 0/0
   214 | D:1      | Reached XP level 2. HP: 17/21 MP: 0/0
   811 | D:1      | Found a faded altar of an unknown god.
   942 | D:1      | Reached skill level 3 in Spellcasting
   942 | D:1      | Reached XP level 3. HP: 21/25 MP: 0/0
   942 | D:1      | Learned a level 1 spell: Magic Dart
  2391 | D:2      | Reached XP level 4. HP: 21/31 MP: 0/0
  3117 | D:1      | Reached XP level 5. HP: 2/36 MP: 0/0
  3117 | D:1      | Learned a level 2 spell: Ensorcelled Hibernation
  3800 | D:3      | Reached skill level 1 in Fighting
  4071 | D:3      | Reached skill level 4 in Spellcasting
  4138 | D:3      | Noticed Grinder
  4144 | D:3      | Paralysed by Grinder for 3 turns
  4153 | D:3      | Killed Grinder
  4154 | D:3      | Reached XP level 6. HP: 29/42 MP: 0/0
  4285 | D:3      | Reached skill level 5 in Spellcasting
  4961 | D:4      | Reached XP level 7. HP: 19/48 MP: 0/0
  4961 | D:4      | Learned a level 2 spell: Blink
  5240 | D:4      | Found a broken altar of Ashenzari.
  5358 | D:4      | Found a shimmering altar of Xom.
  5568 | D:4      | Found a sand-covered staircase.
  5574 | Ossuary  | Entered an ossuary
  6539 | Ossuary  | Reached skill level 6 in Spellcasting
  6543 | Ossuary  | Reached XP level 8. HP: 18/55 MP: 0/0
  7347 | D:4      | Found a blossoming altar of Fedhas.
  7438 | D:5      | Entered Level 5 of the Dungeon
  7733 | D:5      | Reached skill level 7 in Spellcasting
  8479 | D:5      | Found a staircase to the Ecumenical Temple.
  8539 | D:5      | Reached XP level 9. HP: 51/59 MP: 0/0
  8539 | D:5      | Learned a level 4 spell: Sticky Flame
  8903 | D:6      | Reached skill level 8 in Spellcasting
  9347 | D:6      | Found a glowing silver altar of Zin.
  9586 | D:6      | Found an opulent altar of Gozag.
  9757 | D:6      | Became a worshipper of Gozag Ym Sagoz the Greedy
 10477 | D:7      | Reached skill level 9 in Spellcasting
 10751 | D:7      | Reached XP level 10. HP: 41/67 MP: 0/0
 11273 | D:7      | Noticed Sigmund
 11278 | D:7      | Killed Sigmund
 11317 | D:7      | Noticed Edmund
 11420 | D:7      | Killed Edmund
 11803 | D:8      | Reached skill level 10 in Spellcasting
 12158 | D:8      | Found a runed translucent gate.
 12158 | D:8      | Found a runed translucent gate.
 12158 | D:8      | Found a runed translucent gate.
 12161 | D:8      | Noticed heikuro's ghost (novice FoAK)
 12791 | D:9      | Noticed a boulder beetle
 12799 | D:9      | Mangled by a boulder beetle

Illustrated notes

Levels and vault maps discovered:
D:1:      minmay_arrival_shoal_huts, layout_basic,
          ebering_ecumenical_altar_abandoned, due_unseen_surprise
D:2:      layout_rooms
D:3:      minmay_chambers_of_twos, layout_basic, minmay_mini_jars, uniq_grinder
D:4:      layout_loops_cross, nicolae_overflow_quartered_altars,
          nicolae_ossuary_entry_giza
D:5:      lemuel_ratsnest, layout_cave_pools, minmay_temple_entry_glassed_door
D:6:      layout_basic, old_standard_altar,
          pdpol_temple_overflow_zin_treasury_gozag_greed, corexii_checkpoint_b,
          corner_web_ring
D:7:      kennysheep_spiral_hall, layout_basic, sigmund_edmund_badplayer
D:8:      layout_gridville, gammafunk_ghost_nasty_kobolds
D:9:      layout_irregular_city, lemuel_mausoleum_altar_yredelemnul,
          gammafunk_ghost_abyssal_escape, chequers_serial_rivers_micro_e,
          david_defended_altar_orc

Skill      XL: |  1  2  3  4  5  6  7  8  9 10 |
---------------+-------------------------------+-----
Spellcasting   | 3 4 5 6 7 9 10 | 10.4
Fighting       | 1 2 4 |  4.6
Stealth        | 2 3 |  3.1
Dodging        | 3 |  3.4
Axes           | |  0.9
Evocations     | |  0.6

Action                   |  1- 3 |  4- 6 |  7- 9 | 10-12 || total
-------------------------+-------+-------+-------+-------++-------
Melee: Short sword       |       |     6 |       |       ||     6
       Hand axe          |       |       |    25 |       ||    25
 Cast: Foxfire           |   117 |   107 |   280 |   113 ||   617
       Scorch            |       |    13 |   105 |    14 ||   132
       Flame Wave        |       |       |     4 |     6 ||    10
Evoke: Wand              |       |       |     1 |       ||     1
  Use: Scroll            |       |       |     6 |     9 ||    15
       Potion            |       |       |     2 |       ||     2
Armor: Robe              |       |    11 |    27 |     6 ||    44
Dodge: Dodged            |     6 |    29 |    94 |    19 ||   148
Block: Other             |       |       |       |     4 ||     4

Table legend: (Time is in decaauts)
 A = Elapsed time spent in this place.
 B = Non-inter-level travel time spent in this place.
 C = Inter-level travel time spent in this place.
 D = Time resting spent in this place.
 E = Time spent auto-exploring this place.
 F = Levels seen in this place.
 G = Mean time per level.
                   A        B        C        D        E       F      G
               +--------+--------+--------+--------+--------+-----+--------+
         Total |  12809 |  12071 |    738 |    525 |   9892 |  10 | 1280.9 |
       Dungeon |  11623 |  10885 |    738 |    525 |   8900 |   9 | 1291.4 |
       Ossuary |   1185 |   1185 |      0 |      0 |    992 |   1 | 1185.0 |
               +--------+--------+--------+--------+--------+-----+--------+

Top non-repeatable levels by time:
     D:1: 2676 daAuts
     D:3: 1738 daAuts
     D:7: 1367 daAuts
     D:5: 1312 daAuts
     D:6: 1242 daAuts
 Ossuary: 1185 daAuts
     D:4: 1135 daAuts
     D:2: 1061 daAuts
     D:8: 895 daAuts
     D:9: 194 daAuts
